[Event "Team 45 45 League T44"]
[Site "Internet Chess Club"]
[Date "2010.03.07"]
[Round "5"]
[White "KnightofMercy"]
[Black "kidcobra"]
[Result "1-0"]
[WhiteElo "1683"]
[BlackElo "1609"]
[Opening "English opening"]
[ECO "A20"]
[Time "15:01:52"]
[TimeControl "2700+45"]

1. c4 e5 2. g3 Nf6 3. Bg2 Nc6 4. Nc3 Be7 5. e4 O-O 6. Nge2 d6 7. O-O Bg4 8. d3
Nd4 9. f3 Bh5 10. Nxd4 exd4 11. Ne2 c5 12. Qb3 b6 13. Nf4 Bg6 14. Nxg6 hxg6 15.
Bd2 Re8 16. Rfe1 Qc7 17. f4 Rac8 18. e5 dxe5 19. fxe5 Nh7 20. e6 fxe6 21. Rxe6
Bf6 22. Bd5 Kh8 23. Rae1 Rxe6 24. Rxe6 Nf8 25. Bf4 Qd7 26. Re4 Re8 27. Qd1 Rxe4
28. dxe4 Qd8 29. Qg4 Qe7 30. e5 Bxe5 31. Qh3+ Nh7 32. Bxe5 Qxe5 33. Qc8+ Nf8 34.
Qxf8+ Kh7 35. Qg8+ Kh6 36. Qh8+ Kg5 37. Qh4+ Kf5 38. g4+ Kf4 39. Qg3+ Kg5 40.
Qxe5+ {Black resigns} 1-0

[Event "Team 45 45 League T44"]
[Site "Internet Chess Club"]
[Date "2010.03.08"]
[Round "5"]
[White "Skyler"]
[Black "nozmov"]
[Result "1/2-1/2"]
[WhiteElo "1352"]
[BlackElo "1352"]
[Opening "French: Winawer, advance variation"]
[ECO "C17"]
[Time "20:05:08"]
[TimeControl "2700+45"]

1. e4 e6 2. d4 d5 3. Nc3 Bb4 4. e5 c5 5. f4 cxd4 6. Qxd4 Nc6 7. Bb5 Bxc3+ 8.
Qxc3 Bd7 9. Bd3 Rc8 10. Nf3 Nge7 11. Bd2 O-O 12. g4 Qb6 13. h4 d4 14. Qa3 Nd5
15. O-O-O Ncb4 16. Bxb4 Nxb4 17. Be4 Bc6 18. Bxc6 Nxc2 19. Kxc2 Qxc6+ 20. Kb1
Qe4+ 21. Ka1 Rc2 22. Rxd4 Qe2 23. Qd3 Rxb2 24. Qxe2 Rxe2 25. Rd3 h6 26. g5 Rc8
27. gxh6 Rcc2 {Game drawn by mutual agreement} 1/2-1/2

[Event "Team 45 45 League T44"]
[Site "Internet Chess Club"]
[Date "2010.03.07"]
[Round "5"]
[White "vazir"]
[Black "chiiwen"]
[Result "0-1"]
[WhiteElo "1912"]
[BlackElo "2154"]
[Opening "Sicilian: wing gambit"]
[ECO "B20"]
[Time "21:04:04"]
[TimeControl "2700+45"]

1. e4 c5 2. b4 cxb4 3. d4 d5 4. exd5 Qxd5 5. Nf3 e6 6. Be2 Nc6 7. O-O Nf6 8. c4
bxc3 9. Nxc3 Qa5 10. Bd2 Bb4 11. Qb3 O-O 12. a3 Bxc3 13. Bxc3 Qf5 14. Rfd1 b6
15. Ne5 Bb7 16. Bf3 Rac8 17. Rac1 Nxe5 18. Bxb7 Nd3 19. Rc2 Rc7 20. Bf3 Nf4 21.
Rcd2 Nh3+ 22. Kf1 Ng5 23. Rd3 Nxf3 24. Rxf3 Qd5 25. Qb1 Rfc8 26. Bb2 Qb5+ 27.
Kg1 Rc2 28. Ba1 Qxb1 29. Rxb1 Rc1+ {White resigns} 0-1

[Event "Team 45 45 League T44"]
[Site "Internet Chess Club"]
[Date "2010.03.06"]
[Round "5"]
[White "deeppurple"]
[Black "vasek"]
[Result "1-0"]
[WhiteElo "2080"]
[BlackElo "1851"]
[Opening "English opening"]
[ECO "A13"]
[Time "13:00:14"]
[TimeControl "2700+45"]

1. c4 e6 2. g3 d5 3. b3 Nf6 4. Bg2 Be7 5. Nf3 O-O 6. O-O c5 7. Bb2 Nc6 8. cxd5
exd5 9. d4 Bf5 10. Nc3 Rc8 11. dxc5 Bxc5 12. Na4 Be7 13. Rc1 b6 14. Nd4 Nxd4 15.
Qxd4 Qd7 16. Rfd1 Be6 17. e3 Rxc1 18. Rxc1 Rc8 19. Rxc8+ Qxc8 20. Nc3 Bc5 21.
Qd3 Qd7 22. Ne2 Ne8 23. Nf4 Nc7 24. Be5 Bd6 25. Bxd6 Qxd6 26. e4 d4 27. Ne2 Bd7
28. Qxd4 Qxd4 29. Nxd4 Kf8 30. f4 Ke7 31. Kf2 Na6 32. Ke3 Nb4 33. a3 Na6 34. Bf1
Nc5 35. b4 Ne6 36. Nf5+ Kd8 37. Bc4 g6 38. Bxe6 Bxe6 39. Nd4 Bd7 40. e5 Ke7 41.
Ke4 Kd8 42. Kd5 Kc7 43. e6 Be8 44. Nb5+ Kb8 45. Kd6 fxe6 46. Nc7 Ba4 47. Nxe6
Bc2 48. g4 Kc8 49. g5 Bb3 50. Ke7 Kb7 51. Nd4 Bc4 52. h4 Kc7 53. f5 gxf5 54.
Nxf5 Bd3 55. Nd4 a6 56. h5 b5 57. h6 Kb6 58. Nf3 a5 59. Ne5 Bf5 60. g6 {Black
resigns} 1-0

[Event "Team 45 45 League T44"]
[Site "Internet Chess Club"]
[Date "2010.03.06"]
[Round "5"]
[White "avila"]
[Black "martineden"]
[Result "1/2-1/2"]
[WhiteElo "1768"]
[BlackElo "1923"]
[Opening "Pirc: classical, h3 system"]
[ECO "B08"]
[Time "10:23:52"]
[TimeControl "2700+45"]

1. e4 d6 2. d4 Nf6 3. Nc3 g6 4. Nf3 Bg7 5. h3 O-O 6. Bc4 Nxe4 7. Nxe4 d5 8. Bxd5
Qxd5 9. Nc3 Qc4 10. Qe2 Qxe2+ 11. Kxe2 Bf5 12. Nd5 Na6 13. Nxe7+ Kh8 14. Nxf5
gxf5 15. c3 Rfe8+ 16. Kd1 c5 17. Re1 Rxe1+ 18. Kxe1 cxd4 19. Nxd4 Bxd4 20. cxd4
Nb4 21. Kd2 Rc8 22. b3 Nc2 23. Rb1 Nb4 24. a3 Nd5 25. Bb2 Kg7 26. g3 f4 27. Rc1
Rd8 28. h4 Kg6 29. gxf4 Kf5 30. Rg1 h6 31. h5 Rd7 32. Rg8 Nxf4 33. Rh8 Kg5 34.
Rg8+ Kxh5 35. Ke3 Nd5+ 36. Kf3 Nf6 37. Rg1 Rd5 38. Bc1 Rxd4 {Game drawn by
mutual agreement} 1/2-1/2

[Event "Team 45 45 League T44"]
[Site "Internet Chess Club"]
[Date "2010.03.05"]
[Round "5"]
[White "chess9793"]
[Black "soccerisfun"]
[Result "1-0"]
[WhiteElo "1963"]
[BlackElo "1592"]
[Opening "QP counter-gambit: Maroczy gambit"]
[ECO "C40"]
[Time "23:02:44"]
[TimeControl "2700+45"]

1. e4 e5 2. Nf3 d5 3. exd5 Bd6 4. d4 e4 5. Ne5 Nf6 6. Nc3 Bf5 7. Bg5 h6 8. Bh4
Nbd7 9. Bg3 O-O 10. Nxd7 Qxd7 11. Bc4 Bxg3 12. hxg3 c6 13. dxc6 bxc6 14. O-O
Rad8 15. Ne2 Qb7 16. Qc1 Rfe8 17. c3 Nd5 18. Bxd5 cxd5 19. b3 Qa6 20. Qd2 Bg4
21. Nf4 g5 22. Nh3 Qe6 23. Kh2 e3 24. fxe3 Qxe3 25. Qf2 Rd7 26. Rae1 Qxe1 27.
Rxe1 Rde7 28. Rxe7 Rxe7 29. Qf6 Re6 30. Qd8+ Kg7 31. Qxd5 Bxh3 32. gxh3 Re2+ 33.
Kg1 Rxa2 34. b4 Ra1+ 35. Kf2 Rc1 36. c4 Rc2+ 37. Kf3 Rc3+ 38. Kg4 h5+ 39. Kxh5
Rxg3 40. Qe5+ Kh7 41. Qxg3 {Black resigns} 1-0

[Event "Team 45 45 League T44"]
[Site "Internet Chess Club"]
[Date "2010.03.07"]
[Round "5"]
[White "TerryMalloy"]
[Black "Campagnolo"]
[Result "1-0"]
[WhiteElo "2083"]
[BlackElo "2042"]
[Opening "Ruy Lopez: closed, center attack"]
[ECO "C84"]
[Time "21:09:41"]
[TimeControl "2700+45"]

1. e4 e5 2. Nf3 Nc6 3. Bb5 a6 4. Ba4 Nf6 5. O-O Be7 6. d4 exd4 7. e5 Ne4 8. Nxd4
O-O 9. Re1 Nc5 10. Bxc6 dxc6 11. Nc3 Ne6 12. Nf5 Bg5 13. Qg4 Bxc1 14. Raxc1 Kh8
15. Rcd1 Qg5 16. Qxg5 Nxg5 17. Ne3 Ne6 18. Ne4 b6 19. g3 Bb7 20. f4 c5 21. Nd2
Rad8 22. Kf2 Rd7 23. c3 Rfd8 24. Nf3 Rxd1 25. Rxd1 Rxd1 26. Nxd1 Kg8 27. Ke3 Kf8
28. Nf2 Ke7 29. Ne4 h6 30. f5 Nd8 31. g4 Bd5 32. a3 Nc6 33. Kf4 Na5 34. Nfd2 c6
35. Nd6 Nb3 36. Nxb3 Bxb3 37. h4 f6 38. Ne4 Bd5 39. exf6+ gxf6 40. Ng3 a5 41. g5
hxg5+ 42. hxg5 fxg5+ 43. Kxg5 Kf7 44. f6 a4 45. Kf5 b5 46. Ke5 Kg6 47. Nf5
{Black resigns} 1-0

[Event "Team 45 45 League T44"]
[Site "Internet Chess Club"]
[Date "2010.03.06"]
[Round "5"]
[White "nosalt"]
[Black "Folgers"]
[Result "0-1"]
[WhiteElo "2038"]
[BlackElo "1984"]
[Opening "KP: Nimzovich defense"]
[ECO "B00"]
[Time "16:00:16"]
[TimeControl "2700+45"]

1. e4 Nc6 2. d4 e5 3. d5 Nce7 4. Nf3 Ng6 5. Bd3 Bb4+ 6. c3 Bc5 7. Bg5 f6 8. Bd2
d6 9. b4 Bb6 10. Bb5+ Bd7 11. Qa4 N8e7 12. Bxd7+ Qxd7 13. Qxd7+ Kxd7 14. g3 f5
15. exf5 Nxf5 16. Na3 Rhf8 17. Nc4 h6 18. Nxb6+ axb6 19. Ke2 b5 20. Rhd1 Ra3 21.
Bc1 Rxc3 22. Nd2 Nd4+ 23. Kf1 Nc2 24. Rb1 Ne3+ 25. Ke2 Nxd1 26. Kxd1 Rxf2 27. h4
Rxg3 28. Ne4 Rg1# {White checkmated} 0-1

[Event "Team 45 45 League T44"]
[Site "Internet Chess Club"]
[Date "2010.03.07"]
[Round "5"]
[White "Boromir"]
[Black "ivanson"]
[Result "1-0"]
[WhiteElo "2008"]
[BlackElo "1833"]
[Opening "Nimzovich-Larsen attack: modern variation"]
[ECO "A01"]
[Time "14:00:20"]
[TimeControl "2700+45"]

1. b3 e5 2. Bb2 Nc6 3. c4 Nf6 4. e3 Be7 5. Nc3 O-O 6. Nd5 Re8 7. Nxe7+ Qxe7 8.
Nf3 d5 9. cxd5 Nxd5 10. Bc4 Nb6 11. Be2 Bf5 12. O-O Rad8 13. Bb5 Bg4 14. Bxc6
bxc6 15. h3 Bxf3 16. Qxf3 Rxd2 17. Bc3 Rc2 18. Qxc6 Rd8 19. Rfc1 Rxc1+ 20. Rxc1
Qa3 21. Bxe5 h6 22. Rc2 Nd5 23. Rd2 Qa5 24. b4 Qb6 25. Qxb6 cxb6 26. e4 {Black
resigns} 1-0

[Event "Team 45 45 League T44"]
[Site "Internet Chess Club"]
[Date "2010.03.08"]
[Round "5"]
[White "viking99"]
[Black "Kallistos"]
[Result "1-0"]
[WhiteElo "1838"]
[BlackElo "1658"]
[Opening "Scandinavian (center counter) defense"]
[ECO "B01"]
[Time "19:01:28"]
[TimeControl "2700+45"]

1. e4 d5 2. exd5 Qxd5 3. Nc3 Qa5 4. d4 Nf6 5. Bd2 c6 6. Bd3 Be6 7. Nf3 Nbd7 8.
O-O g6 9. Ng5 Bd5 10. b4 Qc7 11. Nxd5 cxd5 12. Rc1 Nb6 13. Bb5+ Nbd7 14. c4 Qb6
15. Bxd7+ Nxd7 16. cxd5 Qxd4 17. Bc3 Qxd1 18. Rfxd1 f6 19. Ne6 Kf7 20. Bb2 Bh6
21. Rc7 Nb6 22. f4 Nxd5 23. Rxd5 Kxe6 24. Rdd7 Bxf4 25. Rxe7+ Kf5 26. Rxb7 Rab8
27. Rxb8 Rxb8 28. a3 h6 29. Kf2 a5 30. g3 Bd2 31. Re2 Rd8 32. b5 a4 33. h3 Ba5
34. g4+ Kg5 35. Kf3 Rd3+ 36. Re3 Rxe3+ 37. Kxe3 Kh4 38. Bxf6+ Kxh3 39. Kf4 Bd2+
40. Kf3 Ba5 41. Bd4 h5 42. gxh5 gxh5 43. b6 Kh4 44. b7 Bc7 45. Ba7 {Black
resigns} 1-0

[Event "Team 45 45 League T44"]
[Site "Internet Chess Club"]
[Date "2010.03.07"]
[Round "5"]
[White "gagdad"]
[Black "Rookmaster"]
[Result "1-0"]
[WhiteElo "1796"]
[BlackElo "1733"]
[Opening "Scotch: Lolli variation"]
[ECO "C44"]
[Time "01:05:15"]
[TimeControl "2700+45"]

1. e4 e5 2. Nf3 Nc6 3. d4 Nxd4 4. Nxd4 exd4 5. Qxd4 Ne7 6. Nc3 Nc6 7. Qd1 Bc5 8.
Bc4 Qh4 9. O-O d6 10. Nd5 Bb6 11. a4 O-O 12. b4 Bd4 13. c3 Qxe4 14. cxd4 Be6 15.
Re1 Qxd4 16. Qxd4 Nxd4 17. Re4 c5 18. bxc5 dxc5 19. Bb2 Nc2 20. Rc1 Bxd5 21.
Bxd5 Nb4 22. Rxc5 Nd3 23. Rc2 Nxb2 24. Rxb2 Rfd8 25. Rbe2 Kf8 26. Bxb7 Rab8 27.
Ba6 f5 28. Re5 Rd1+ 29. Re1 Rbb1 30. Kf1 Rxe1+ 31. Rxe1 Rxe1+ 32. Kxe1 Kf7 33.
Ke2 Kf6 34. Ke3 Ke5 35. Bd3 f4+ 36. Ke2 h6 37. Kf3 Kd4 38. Bb5 Ke5 39. g3 g5 40.
Kg4 fxg3 41. hxg3 Kf6 42. Kh5 Kg7 43. Bd3 a5 44. g4 Kh8 45. Kxh6 Kg8 46. Kxg5
Kg7 47. f4 Kh8 48. f5 Kg7 49. f6+ Kh8 50. Bc4 Kh7 51. f7 Kg7 52. Kf5 Kh7 53. Kf6
Kh6 54. f8=Q+ Kh7 55. Bd3# {Black checkmated} 1-0

[Event "Team 45 45 League T44"]
[Site "Internet Chess Club"]
[Date "2010.03.09"]
[Round "5"]
[White "Kingofknights"]
[Black "wbanks"]
[Result "0-1"]
[WhiteElo "1616"]
[BlackElo "1618"]
[Opening "QGD Slav: exchange variation"]
[ECO "D13"]
[Time "18:30:04"]
[TimeControl "2700+45"]

1. d4 d5 2. c4 c6 3. Nf3 Nf6 4. cxd5 cxd5 5. Nc3 Nc6 6. e3 Bf5 7. Qb3 Rb8 8. Bd2
h6 9. Bb5 e6 10. Ne5 Bd6 11. Qa4 Qb6 12. Nxc6 bxc6 13. Bxc6+ Ke7 14. b3 Rhc8 15.
Bb5 Rxc3 16. Bxc3 Qxb5 17. Qxb5 Rxb5 18. f3 Ba3 19. g4 Bg6 20. h4 Rb7 21. h5 Bd3
22. Kd2 Bb5 23. Rab1 Nh7 24. b4 Bc4 25. Rh2 Ng5 26. Rf2 f6 27. Ke1 a5 28. b5 Bd6
29. a4 Bg3 30. Bxa5 Nxf3+ 31. Kd1 Bxf2 32. Bb4+ Kd7 33. Bf8 Ke8 34. Bc5 Bxe3
{White resigns} 0-1

[Event "Team 45 45 League T44"]
[Site "Internet Chess Club"]
[Date "2010.03.07"]
[Round "5"]
[White "Sprawl"]
[Black "fishhead"]
[Result "0-1"]
[WhiteElo "2073"]
[BlackElo "1938"]
[Opening "Alekhine's defense: four pawns attack, fianchetto variation"]
[ECO "B03"]
[Time "14:06:21"]
[TimeControl "2700+45"]

1. e4 Nf6 2. e5 Nd5 3. d4 d6 4. c4 Nb6 5. f4 g6 6. Nf3 Bg7 7. Nc3 O-O 8. Bd3 Nc6
9. d5 Nb4 10. Bb1 Bg4 11. Qe2 e6 12. dxe6 Bxe6 13. b3 Bg4 14. Ba3 a5 15. O-O
dxe5 16. fxe5 Bxf3 17. Rxf3 Qd4+ 18. Qe3 Bxe5 {White resigns} 0-1

[Event "Team 45 45 League T44"]
[Site "Internet Chess Club"]
[Date "2010.03.09"]
[Round "5"]
[White "tigereye"]
[Black "AntonioMendonca"]
[Result "1-0"]
[WhiteElo "1834"]
[BlackElo "1713"]
[Opening "Bogo-Indian defense, Grünfeld variation"]
[ECO "E11"]
[Time "15:34:06"]
[TimeControl "2700+45"]

1. d4 e6 2. c4 Nf6 3. Nf3 Bb4+ 4. Nbd2 Ne4 5. e3 Nc6 6. Bd3 d5 7. O-O O-O 8.
Nxe4 dxe4 9. Bxe4 Bd7 10. c5 b5 11. a3 Ba5 12. b4 Nxb4 13. axb4 Bxb4 14. Bxa8
Qxa8 15. Ne5 Rd8 16. Nxd7 Rxd7 17. Qb3 Bxc5 18. dxc5 c6 19. Bb2 a5 20. Qc3 f6
21. Rxa5 Qd8 22. Qa3 Rd1 23. Ra8 {Black resigns} 1-0

[Event "Team 45 45 League T44"]
[Site "Internet Chess Club"]
[Date "2010.03.07"]
[Round "5"]
[White "Giacometti"]
[Black "CREDITorDEBIT"]
[Result "0-1"]
[WhiteElo "1669"]
[BlackElo "1638"]
[Opening "Bird's opening"]
[ECO "A03"]
[Time "18:19:06"]
[TimeControl "2700+45"]

1. f4 d5 2. Nf3 Nf6 3. e3 e6 4. Bb5+ c6 5. Be2 Be7 6. b3 Nbd7 7. Bb2 b6 8. O-O
Bb7 9. Qe1 Qc7 10. a4 c5 11. Na3 a6 12. c4 O-O 13. Bd3 Ne8 14. g4 d4 15. Qg3
dxe3 16. dxe3 f5 17. Ng5 Bxg5 18. fxg5 Qxg3+ 19. hxg3 fxg4 20. Rxf8+ Nxf8 21.
Rd1 Bf3 22. Rd2 Ra7 23. Bb1 g6 24. Nc2 Rd7 25. Rxd7 Nxd7 26. Ne1 Bd1 27. Bc2
Bxc2 28. Nxc2 Nd6 29. Bc3 Ne4 30. Be1 Nxg5 31. a5 Nf3+ {White resigns} 0-1

[Event "Team 45 45 League T44"]
[Site "Internet Chess Club"]
[Date "2010.03.07"]
[Round "5"]
[White "SacMan"]
[Black "DanMcClintic"]
[Result "1-0"]
[WhiteElo "1749"]
[BlackElo "1602"]
[Opening "King's Indian: Gligoric-Taimanov system"]
[ECO "E92"]
[Time "16:00:15"]
[TimeControl "2700+45"]

1. c4 Nf6 2. Nc3 g6 3. d4 Bg7 4. e4 d6 5. Nf3 O-O 6. Be2 e5 7. Be3 Nc6 8. d5 Ne7
9. Nd2 a5 10. a3 Bd7 11. b4 Ne8 12. c5 f5 13. f3 f4 14. Bf2 g5 15. Nc4 Bc8 16.
Nxa5 Nf6 17. Qb3 Ng6 18. Nc4 g4 19. cxd6 cxd6 20. Nb5 h5 21. Nbxd6 h4 22. Nxc8
Rxc8 23. Bc5 Ne7 24. d6 Nc6 25. Nb6+ Kh7 26. Nxc8 Qxc8 27. Rd1 Nd7 28. Bf2 Qd8
29. Qe6 g3 30. hxg3 fxg3 31. Bxg3 Rf6 32. Rxh4+ Bh6 33. Qd5 Qb6 34. Bf2 Qd8 35.
Be3 Rxd6 36. Qf7+ Kh8 37. Rxh6+ Rxh6 38. Bxh6 Qh4+ 39. Kf1 Qh1+ 40. Kf2 Qh4+ 41.
Kg1 Qxh6 42. Rxd7 Qc1+ 43. Kf2 Qh6 44. Qe8+ {Black resigns} 1-0

[Event "Team 45 45 League T44"]
[Site "Internet Chess Club"]
[Date "2010.03.04"]
[Round "5"]
[White "tryanything"]
[Black "OOB1"]
[Result "1-0"]
[WhiteElo "1581"]
[BlackElo "1557"]
[Opening "Sicilian: Smith-Morra gambit"]
[ECO "B21"]
[Time "20:03:48"]
[TimeControl "2700+45"]

1. e4 c5 2. d4 e6 3. c3 cxd4 4. cxd4 Nc6 5. Nf3 Nf6 6. Nc3 Qa5 7. Bd3 Nb4 8. O-O
Be7 9. e5 Nxd3 10. exf6 Bxf6 11. Qxd3 O-O 12. Bd2 Qd8 13. Rac1 a6 14. Ne4 Be7
15. a3 d5 16. Neg5 f5 17. Rfe1 Rf6 18. Ne5 Rf8 19. Nxh7 Kxh7 20. Qh3+ Bh4 21. g3
g5 22. gxh4 gxh4 23. Qf3 Qe8 24. Rc7+ Kh8 25. Qf4 Qh5 26. Qh6+ Qxh6 27. Bxh6 Re8
28. Ng6+ {Black resigns} 1-0

[Event "Team 45 45 League T44"]
[Site "Internet Chess Club"]
[Date "2010.03.05"]
[Round "5"]
[White "chicopee-ed"]
[Black "smsxman"]
[Result "0-1"]
[WhiteElo "1318"]
[BlackElo "1446"]
[Opening "QGD: exchange, positional line"]
[ECO "D35"]
[Time "13:10:33"]
[TimeControl "2700+45"]

1. d4 d5 2. c4 e6 3. Nc3 Nf6 4. cxd5 exd5 5. Bg5 Be7 6. Qc2 O-O 7. e3 Nc6 8. a3
a6 9. Bd3 g6 10. h4 Re8 11. Bxf6 Bxf6 12. O-O-O Bxh4 13. Nf3 Bf6 14. Rxh7 Kxh7
15. Rh1+ Kg7 16. Ne2 Rh8 17. Rg1 Be6 18. Nf4 Qe8 19. g4 Kf8 20. Nxg6+ fxg6 21.
Bxg6 Bf7 22. Bf5 Bg7 23. g5 Ne7 24. g6 c6 25. gxf7 Qxf7 26. Ng5 Qxf5 27. Qxf5+
Nxf5 28. Ne6+ Kf7 29. Nf4 Rag8 30. Ng6 Rh6 31. Nf4 Rd6 32. Rh1 Rh8 33. Rg1 Rdh6
34. Kd2 Rh1 35. Rg6 Bh6 36. Rg4 Bxf4 37. Rxf4 Kg6 38. Rg4+ Kh5 39. Rf4 Kg5 40.
Kd3 R1h3 41. f3 R8h4 42. Rxh4 Kxh4 {White resigns} 0-1

[Event "Team 45 45 League T44"]
[Site "Internet Chess Club"]
[Date "2010.03.08"]
[Round "5"]
[White "DrOMM"]
[Black "wekabird"]
[Result "0-1"]
[WhiteElo "1285"]
[BlackElo "1238"]
[Opening "Caro-Kann: advance variation"]
[ECO "B12"]
[Time "03:00:17"]
[TimeControl "2700+45"]

1. e4 c6 2. d4 d5 3. e5 e6 4. Nf3 Ne7 5. Be2 Ng6 6. O-O Be7 7. Bd2 b6 8. b4 Ba6
9. Bxa6 Nxa6 10. a3 O-O 11. Qe2 b5 12. Be3 Nb8 13. Nbd2 a5 14. Nb3 axb4 15. axb4
Rxa1 16. Rxa1 Nd7 17. c3 Nb6 18. Ra6 Qc7 19. Qa2 Na4 20. Qc2 Qb7 21. Ra5 Bd8 22.
Nc5 Qe7 23. Ra6 Nxc5 24. bxc5 Qb7 25. Ra1 h6 26. Nd2 Nh4 27. f4 Nf5 28. Bf2 Bh4
29. g3 Be7 30. Rb1 Ra8 31. c4 b4 32. cxd5 exd5 33. Qb2 Rb8 34. Be1 Qb5 35. Nf3
Qd3 36. Nh4 Ne3 37. Bxb4 Bxh4 38. gxh4 Nc4 39. Qc1 Qe4 40. Qd1 Ne3 {White
resigns} 0-1

[Event "Team 45 45 League T44"]
[Site "Internet Chess Club"]
[Date "2010.03.06"]
[Round "5"]
[White "WilmaP"]
[Black "anatolybcn"]
[Result "1-0"]
[WhiteElo "1103"]
[BlackElo "1132"]
[Opening "Sicilian"]
[ECO "B54"]
[Time "16:00:21"]
[TimeControl "2700+45"]

1. e4 c5 2. Nf3 d6 3. d4 cxd4 4. Nxd4 e5 5. Nf3 Nf6 6. Nc3 a6 7. Bg5 Be7 8. Bc4
O-O 9. h4 b5 10. Bb3 b4 11. Nd5 a5 12. Nxf6+ Bxf6 13. Bd5 Ra7 14. Qd2 Bg4 15.
Nh2 Bh5 16. Qe3 Rc7 17. c3 Na6 18. O-O Bg6 19. Ng4 Bxg5 20. hxg5 Kh8 21. Rad1
Bh5 22. f3 Bxg4 23. fxg4 Nc5 24. Rf3 Qe7 25. Rh3 Ne6 26. Bxe6 Qxe6 27. Qg3 bxc3
28. Qh4 Qg6 29. bxc3 Rd7 30. Kf2 Qxe4 31. Re1 Qg6 32. Reh1 f6 33. Qxh7+ Qxh7 34.
Rxh7+ Kg8 35. g6 f5 36. Rh8# {Black checkmated} 1-0

[Event "Team 45 45 League T44"]
[Site "Internet Chess Club"]
[Date "2010.03.07"]
[Round "5"]
[White "SCUGrad"]
[Black "BotanicalKnight"]
[Result "1/2-1/2"]
[WhiteElo "1433"]
[BlackElo "1564"]
[Opening "Philidor's defense"]
[ECO "C41"]
[Time "20:04:25"]
[TimeControl "2700+45"]

1. e4 e5 2. Nf3 d6 3. d4 Qe7 4. Nc3 c6 5. Bc4 b5 6. Bb3 Bg4 7. dxe5 dxe5 8. O-O
Nd7 9. Qd3 Nc5 10. Qe3 Nxb3 11. axb3 f6 12. h3 Bh5 13. Nh4 Nh6 14. Kh2 g5 15.
Nf5 Nxf5 16. exf5 Qc5 17. Qg3 Bd6 18. Kh1 Be7 19. Be3 Qb4 20. Bxa7 Qf4 21. Qxf4
gxf4 22. f3 O-O 23. Ne4 Bf7 24. Bc5 Bxc5 25. Nxc5 Bd5 26. Nd7 Rxa1 27. Rxa1 Rf7
28. Ra8+ Kg7 29. Nb6 Rf8 30. Ra7+ Rf7 31. Rxf7+ Bxf7 {Game drawn by mutual
agreement} 1/2-1/2

[Event "Team 45 45 League T44"]
[Site "Internet Chess Club"]
[Date "2010.03.05"]
[Round "5"]
[White "The-Capitalist"]
[Black "megarook"]
[Result "0-1"]
[WhiteElo "1375"]
[BlackElo "1419"]
[Opening "Sicilian: Venice attack"]
[ECO "B56"]
[Time "21:00:16"]
[TimeControl "2700+45"]

1. e4 c5 2. Nf3 d6 3. d4 cxd4 4. Nxd4 Nf6 5. Nc3 e5 6. Bb5+ Nbd7 7. Nf5 a6 8.
Bxd7+ Bxd7 9. Nxd6+ Bxd6 10. Qxd6 Qb8 11. Qxb8+ Rxb8 12. f4 Bc6 13. O-O Nxe4 14.
Nxe4 Bxe4 15. Re1 Bxc2 16. Rxe5+ Kd7 17. b3 f6 18. Re2 Rbc8 19. Bb2 Rhe8 20.
Rxe8 Rxe8 21. Rc1 Re2 22. g4 Be4 23. Rd1+ Kc7 24. Bc3 Rxa2 25. Rd4 Bc6 26. g5
Rg2+ 27. Kf1 fxg5 28. fxg5 Rc2 29. Rd3 Bb5 {White resigns} 0-1

[Event "Team 45 45 League T44"]
[Site "Internet Chess Club"]
[Date "2010.03.07"]
[Round "5"]
[White "AlPearson"]
[Black "KingOfHearts"]
[Result "1-0"]
[WhiteElo "1497"]
[BlackElo "1308"]
[Opening "English opening"]
[ECO "A20"]
[Time "10:03:23"]
[TimeControl "2700+45"]

1. c4 e5 2. g3 Bc5 3. Bg2 Nc6 4. Nf3 d6 5. O-O Nf6 6. Nc3 O-O 7. a3 Re8 8. b4
Bb6 9. Bb2 e4 10. Ng5 Bf5 11. Qc2 Qd7 12. Ngxe4 Nd4 13. Nxf6+ gxf6 14. Qd1 Re5
15. e3 Nc6 16. Nd5 Re6 17. Nxf6+ Rxf6 18. Bxf6 Qe6 19. Bb2 Qxc4 20. Rc1 Qb5 21.
Qh5 Bd3 22. Qg4+ Kf8 23. Qg7+ Ke8 24. Qh8+ Kd7 25. Qxa8 Nd8 26. Rfe1 c6 27. Bf1
a6 28. Bf6 Bxf1 29. Bxd8 Bxd8 30. Rxf1 Qa4 31. Qxb7+ Bc7 32. Rc3 {Black resigns}
1-0

[Event "Team 45 45 League T44"]
[Site "Internet Chess Club"]
[Date "2010.03.05"]
[Round "5"]
[White "kjs110"]
[Black "AtomicDog"]
[Result "0-1"]
[WhiteElo "1084"]
[BlackElo "1366"]
[Opening "Queen's pawn game"]
[ECO "D04"]
[Time "11:00:20"]
[TimeControl "2700+45"]

1. d4 d5 2. Nf3 Nf6 3. e3 Bf5 4. Be2 e6 5. O-O c5 6. Nc3 Nc6 7. Nh4 Bg6 8. Nxg6
hxg6 9. b3 Qd7 10. Bb2 Bd6 11. Ba3 Bxh2+ 12. Kh1 Qd6 13. Bxc5 Bg3+ 14. Kg1 Qc7
15. fxg3 Qxg3 16. Rf3 Qh2+ 17. Kf2 Ng4+ 18. Ke1 Qxg2 19. Bd6 Rh1+ 20. Rf1 Rxf1+
21. Bxf1 Qf2# {White checkmated} 0-1

[Event "Team 45 45 League T44"]
[Site "Internet Chess Club"]
[Date "2010.03.07"]
[Round "5"]
[White "Tjet"]
[Black "zigzag2002"]
[Result "1-0"]
[WhiteElo "1544"]
[BlackElo "1392"]
[Opening "English opening"]
[ECO "A20"]
[Time "16:01:52"]
[TimeControl "2700+45"]

1. c4 e5 2. g3 Nf6 3. Bg2 Bc5 4. e3 O-O 5. a3 a5 6. Ne2 Nc6 7. O-O d6 8. Nbc3
Be6 9. d4 exd4 10. exd4 Bb6 11. d5 Ne7 12. dxe6 fxe6 13. Nf4 Qd7 14. Be3 Bxe3
15. fxe3 Nf5 16. Qd2 Ng4 17. Rae1 c6 18. e4 Ne7 19. Nd3 Qc7 20. Rxf8+ Rxf8 21.
Rf1 Qb6+ 22. Kh1 Rxf1+ 23. Bxf1 {Black disconnected and forfeits} 1-0

[Event "Team 45 45 League T44"]
[Site "Internet Chess Club"]
[Date "2010.03.05"]
[Round "5"]
[White "Nosaj"]
[Black "BishopMike"]
[Result "0-1"]
[WhiteElo "1362"]
[BlackElo "1508"]
[Opening "Ruy Lopez (Spanish opening)"]
[ECO "C68"]
[Time "16:09:22"]
[TimeControl "2700+45"]

1. e4 e5 2. Nf3 Nc6 3. Bb5 a6 4. Bc4 f6 5. O-O Bc5 6. d3 Nge7 7. Bg5 d5 8. exd5
Nxd5 9. Nc3 Nce7 10. Re1 Bg4 11. h3 Bh5 12. g4 Bf7 13. Bh4 Qd7 14. d4 exd4 15.
Nxd4 O-O-O 16. Bd3 Nf4 17. Qf3 Nxh3+ 18. Kf1 Bg6 19. Qxh3 Bxd4 20. Red1 Bxd3+
21. Rxd3 g5 22. Rad1 Nc6 23. a3 h5 24. f3 hxg4 25. fxg4 Rxh4 26. Qg2 Rxg4 27.
Qxg4 Qxg4 28. Rxd4 Rxd4 29. Rxd4 Nxd4 30. Kf2 Qf5+ 31. Ke3 Nxc2+ 32. Kd2 Nd4 33.
Ne4 Qxe4 34. b4 f5 35. b5 f4 36. bxa6 Qc2+ 37. Ke1 Qe2# {White checkmated} 0-1

[Event "Team 45 45 League T44"]
[Site "Internet Chess Club"]
[Date "2010.03.05"]
[Round "5"]
[White "Visin"]
[Black "OneMissAllie"]
[Result "1-0"]
[WhiteElo "1330"]
[BlackElo "1289"]
[Opening "French: advance variation"]
[ECO "C02"]
[Time "15:30:14"]
[TimeControl "2700+45"]

1. e4 e6 2. d4 d5 3. e5 c6 4. Nf3 c5 5. c3 Nc6 6. Bb5 Ne7 7. Bg5 Qb6 8. Bxc6+
bxc6 9. b3 Ba6 10. Be3 Nf5 11. Nbd2 Nxe3 12. fxe3 cxd4 13. exd4 c5 14. Qc2 cxd4
15. cxd4 Bb4 16. a3 Bxd2+ 17. Kxd2 Kf8 18. Qb2 Qb5 19. Kd1 g6 20. a4 Qd3+ 21.
Qd2 Kg7 22. Qxd3 Bxd3 23. Kd2 Be4 24. Rac1 Rab8 25. Rc3 Rhc8 26. Rhc1 Rxc3 27.
Rxc3 Rb4 28. Ke3 Kh6 29. Nd2 Bxg2 30. Rc7 Kg7 31. Rxa7 Bh3 32. a5 Bf5 33. Rc7
Rb8 34. h4 h6 35. Rc5 g5 36. hxg5 hxg5 37. Rc7 Bg4 38. Rc1 Kg6 39. Rb1 Bf5 40.
Rb2 g4 41. b4 Rb7 42. b5 g3 43. Kf3 Bd3 44. b6 Kf5 45. Kxg3 f6 46. exf6 Kxf6 47.
Kf4 Ba6 48. Nb3 Bc4 49. Nc5 Rf7 50. b7 {Black resigns} 1-0